[Event "US Masters 2024"]
[Site "Charlotte"]
[Date "2024.11.30"]
[Round "6.24"]
[White "Jacobson, Aaron"]
[Black "Belenkaya, Dina"]
[Result "0-1"]
[ECO "E18"]
[WhiteElo "2368"]
[BlackElo "2151"]
[Annotator "TA"]
[PlyCount "140"]
[EventDate "2024.09.23"]
[EventType "swiss"]
[EventCountry "USA"]
[SourceTitle "playchess.com"]
[Source "ChessBase"]
[SourceQuality "1"]
[TimeControl "5400+30"]

1. d4 Nf6 2. c4 e6 3. Nf3 d5 4. Nc3 b6 5. cxd5 exd5 6. g3 Be7 7. Bg2 O-O 8. O-O Bb7 9. Bf4 Nbd7 10. Nb5 Ne8 11. Rc1 c6 12. Nc3 Nd6 13. h4 Re8 14. Ne5 Nxe5 15. dxe5 Nc4 16. b3 Na3 17. Qd3 a5 (17... h6 $11) 18. Rfd1 $16 Ba6 19. Qf3 Bb4 20. Qg4 Bc8 21. Qh5 Be6 (21... Bxc3 $16 22. Rxc3 Qd7) 22. Ne4 $18 Qc8 $2 (22... g6 {might work better.} 23. Qh6 Bf8) 23. Ng5 (23. Nf6+ $1 $18 {and the rest is easy.} gxf6 24. exf6) 23... h6 $16 24. Nxe6 Qxe6 25. e4 d4 26. Rxd4 Nb5 27. Rd3 a4 28. Bf3 axb3 (28... Red8 $142 29. Bg4 g6) 29. axb3 Bc5 (29... Red8 $142 30. Bg4 Qe7) 30. Bg4 $18 Qe7 $2 (30... g6 {is more resistant.}) 31. Rd7 Qf8 {[%emt 0:00:05] [#] Black is weak on the light squares} 32. e6 $1 Re7 (32... fxe6 33. Qg6) 33. Rxe7 Qxe7 34. exf7+ $2 (34. b4 Bxf2+ 35. Kxf2) 34... Qxf7 35. Qxf7+ Kxf7 {[%emt 0:00:00] [#]} 36. b4 $1 Bxb4 37. Rxc6 Bc5 38. Be2 {[%emt 0:02:00] This pair of bishops is nice.} Nd4 39. Rc7+ Kf8 40. Bg4 (40. Bc4 $18 {Threatens to win with Rf7+.} Ra4 41. Bd5 Ne2+ 42. Kg2 Nxf4+ 43. gxf4) 40... Nb5 $16 41. Rd7 Ra2 42. Rd2 (42. Bh5 $18) 42... Rxd2 $14 43. Bxd2 {[%emt 0:00:03][%mdl 4096] Endgame KBB-KBN. White is a pawn up.} Nd6 $1 44. Bf3 b5 $1 45. Kf1 b4 $1 46. Ke2 Nc4 47. Bc1 b3 {[%emt 0:00:00][%mdl 1024] Black has compensation.} 48. Kd3 Ne5+ (48... b2 49. Bxb2 Nxb2+ 50. Ke2 $19) 49. Ke2 Nc4 50. Kd3 Ne5+ (50... b2 $5 51. Bxb2 Nxb2+ 52. Ke2 Kf7 $17) 51. Ke2 Nxf3 52. Kxf3 $15 {[%emt 0:00:30] KB-KB. White is a pawn up.} Bd4 {Prevents Bb2} 53. Kf4 $2 (53. Ba3+ Kf7 54. h5 b2 55. Bxb2 Bxb2 $19) ({White should try} 53. Kg4 $15) 53... Kf7 $2 (53... Bxf2 $19 {and ...Bd4 would now be decisive} 54. Bb2 g6) 54. h5 $2 {[%emt 0:00:30][%mdl 8192] [#]} (54. Kg4 $15) 54... Kf6 $1 ({Weaker is} 54... Bxf2 55. Bb2 $17) 55. f3 b2 56. Bxb2 Bxb2 {[%emt 0:00:30] KB-KP} 57. Kg4 Ke5 58. Kh4 Ba3 59. Kh3 Be7 60. Kg4 Bd8 61. Kh3 Ba5 62. Kg4 Bc3 63. Kh3 Kd4 64. Kh4 Ke3 65. Kg4 Bb2 66. Kf5 Kxf3 67. g4 Bf6 68. e5 {[%emt 0:00:30] [#]} Bxe5 $1 69. g5 {[%emt 0:00:30] [#]} hxg5 $1 70. Kxg5 {[%emt 0:00:30] [#]} Bf4+ $1 0-1